 Dungeon Crawl Stone Soup version 0.25-a0-443-gece2dee8bd (webtiles) character file.

Game seed: 5722193524025207897, levelgen mode: deterministic

109 Lugonue the Sneak (level 4, 0/23 HPs)
             Began as a Spriggan Assassin on Jan 30, 2020.
             Succumbed to an adder's poison
             ... on level 3 of the Dungeon.
             The game lasted 00:05:11 (1287 turns).

Lugonue the Sneak (Spriggan Assassin)               Turns: 1287, Time: 00:05:12

Health: 0/23       AC:  3    Str:  7    XL:     4   Next: 59%
Magic:  5/5        EV: 23    Int: 13    God:
Gold:   45         SH:  0    Dex: 22    Spells: 3/3 levels left

rFire    . . .     SeeInvis +   a - +3 dagger
rCold    . . .     Gourm    .   (shield restricted)
rNeg     . . .     Faith    .   b - +0 robe
rPois    .         Spirit   .   (helmet restricted)
rElec    .         Reflect  .   c - +0 cloak
rCorr    .         Harm     .   (gloves unavailable)
MR       .....                  (boots unavailable)
Stlth    +++++.....             (no amulet)
HPRegen  0.07/turn              (no ring)
MPRegen  0.09/turn              (no ring)

@: agile, lethally poisoned (0 -> -5), flying, very quick
A: very small, unfitting armour, see invisible, herbivore, speed 3, slow
metabolism 2
a: no special abilities


You were on level 3 of the Dungeon.
You were not hungry.

You visited 1 branch of the dungeon, and saw 3 of its levels.

You collected 45 gold pieces.

Inventory:

Hand Weapons
 a - a +3 dagger (weapon)
Missiles
 d - 3 boomerangs (quivered)
 e - a curare-tipped dart
Armour
 b - a +0 robe (worn)
 c - a +0 cloak (worn)
Wands
 j - a wand of clouds (3)
Scrolls
 g - 2 scrolls of magic mapping
Comestibles
 f - 2 rations


   Skills:
 + Level 2.0 Fighting
 + Level 2.8 Short Blades
 + Level 3.0 Throwing
 + Level 2.1 Dodging
 * Level 7.4 Stealth


You had 3 spell levels left.
You didn't know any spells.
Your spell library was empty.

Dungeon Overview and Level Annotations

Branches:
Dungeon (3/15)

Altars:
Ru
Zin


Innate Abilities, Weirdness & Mutations

You are very small and have problems with some larger weapons.
You are too small for most types of armour.
You have supernaturally acute eyesight. (SInv)
You are a herbivore.
You cover ground extremely quickly.
You need to consume almost no food.


Message History

The adder misses you.
It was a potion of flight.
You feel very buoyant.
You fly up into the air.
The adder barely misses you.
* * * LOW HITPOINT WARNING * * *
You feel sick.
You feel more agile all of a sudden. The adder misses you.
Okay, then.
What are your orders? t - Shout!
Orders for allies: a - Attack new target. p - Attack previous target. r - Retreat! s - Stop attacking. g - Guard the area. f - Follow me.
Anything else - Cancel.
Guard this area!
The adder barely misses you.
Unknown command.
As you read the scroll labeled LANOISEDGHO, it crumbles to dust.
You feel aware of your surroundings.
It was a scroll of magic mapping.
You die...

,,,** *,*#....# #[####**** ,,,*
*,*##.#.###....,,,,* ,*,* *,*
#..).....##***,* **,* #,*
###.###...####,* **,*
#.#####...........,* **,*
#..†..........####**
**,*****#.######l........#
**,,,,,..,* #S#...###.#
*****##,,***###@#..####.##
*,...........#.#...##
*,.######.....#.....##
*,,##...#............##***
********,,#..................[..,
,,,,,,,,,,#.........#.......####,
********,*#................## *,
********,*##...#...##.#...## *,
,,,,,,,<,* ##.##.).#...#.## *,


You could see an adder and a leopard gecko.

Vanquished Creatures
  Jessica (D:3)
  Terence (D:3)
  An adder (D:2)
  An ooze (D:2)
  A dart slug (D:1)
  A leopard gecko (D:2)
  An orc (D:2)
  6 bats
  3 giant cockroaches
  4 hobgoblins
  3 jackals (D:1)
  3 kobolds
  A quokka (D:2)
  A ball python (D:1)
  A frilled lizard (D:1)
  6 goblins
  4 rats
39 creatures vanquished.

Notes
Turn   | Place    | Note
-------+----------+-------------------------------------------
     0 | D:1      | Lugonue the Spriggan Assassin began the quest for the Orb.
     0 | D:1      | Reached XP level 1. HP: 10/10 MP: 2/2
   184 | D:1      | Reached skill level 6 in Stealth
   209 | D:1      | Reached XP level 2. HP: 6/15 MP: 3/3
   760 | D:2      | Reached XP level 3. HP: 18/18 MP: 4/4
   836 | D:2      | Found a glowing silver altar of Zin.
  1011 | D:2      | Noticed an orc warrior
  1118 | D:3      | Found a sacrificial altar of Ru.
  1147 | D:3      | Noticed Jessica
  1165 | D:3      | Killed Jessica
  1165 | D:3      | Reached skill level 7 in Stealth
  1165 | D:3      | Reached XP level 4. HP: 19/23 MP: 5/5
  1185 | D:3      | Noticed Terence
  1201 | D:3      | Killed Terence
  1281 | D:3      | HP: 1/23 [poisoned by an adder]
  1287 | D:3      | Succumbed to an adder's poison

Levels and vault maps discovered:
D:1:      minmay_arrival_solitary_statue, layout_basic
D:2:      layout_basic, zin_statuary, nemelex_spade_bored_becter
D:3:      layout_loops_ring, first_ration, nicolae_ru_sacrificial_ziggurat,
          uniq_jessica, uniq_terence

Skill      XL: |  1  2  3  4 |
---------------+-------------+-----
Stealth        | 6 7 |  7.4
Dodging        | 2 |  2.1
Fighting       | 2 |  2.0
Throwing       | 3 |  3.0
Short Blades   | |  2.8

Action                   |  1- 3 |  4- 6 || total
-------------------------+-------+-------++-------
Melee: Dagger            |    67 |    17 ||    84
Throw: Dart              |    41 |     4 ||    45
       Boomerang         |       |     1 ||     1
  Use: Scroll            |     3 |     1 ||     4
       Potion            |       |     3 ||     3
 Stab: Sleeping          |    11 |     2 ||    13
Armor: Robe              |     5 |     3 ||     8
Dodge: Dodged            |    43 |    17 ||    60

Table legend:
 A = Non-vault XP
 B = Vault XP
 C = Vault XP percentage of total XP
 D = Non-vault monster count
 E = Vault monster count
 F = Vault count percentage of total count
                 A         B        C        D         E       F
            +---------+---------+-------+---------+---------+-------
      Total |      83 |      73 |  46.8 |      37 |       2 |   5.1
            +---------+---------+-------+---------+---------+-------
        D:1 |      35 |       0 |   0.0 |      19 |       0 |   0.0
        D:2 |      38 |       0 |   0.0 |      13 |       0 |   0.0
        D:3 |      10 |      73 |  88.0 |       5 |       2 |  28.6
            +---------+---------+-------+---------+---------+-------
